 Dungeon Crawl Stone Soup version 0.25-a0-310-g60f0ac2d9a (webtiles) character file.

Game seed: 6704602555275044771, levelgen mode: deterministic

196 Glalom the Stinger (level 5, -2/45 HPs)
             Began as a Naga Venom Mage on Dec 23, 2019.
             Slain by a gnoll
             ... wielding a +0 flail
              (4 damage)
             ... on level 3 of the Dungeon.
             The game lasted 00:13:44 (4107 turns).

Glalom the Stinger (Naga Venom Mage)                Turns: 4107, Time: 00:13:44

Health: -2/45      AC:  3    Str: 10    XL:     5   Next: 75%
Magic:  0/9        EV: 10    Int: 16    God:
Gold:   179        SH:  0    Dex: 12    Spells: 4/10 levels left

rFire    . . .     SeeInvis +   b - +2 whip (venom)
rCold    . . .     Gourm    .   (no shield)
rNeg     . . .     Faith    .   g - +0 robe (curse)
rPois    +         Spirit   +   s - +0 helmet
rElec    .         Reflect  .   q - scarf {Spirit}
rCorr    .         Harm     .   (no gloves)
MR       .....                  (no barding)
Stlth    ++........             (no amulet)
HPRegen  0.15/turn              (no ring)
MPRegen  0.11/turn              (no ring)

@: very slightly contaminated, very slow
A: large, see invisible, deformed body, poison resistance, slowness 2, slow
metabolism 1, spit poison 1, AC +1
a: Spit Poison


You were on level 3 of the Dungeon.
You were very hungry.

You visited 1 branch of the dungeon, and saw 3 of its levels.

You collected 179 gold pieces.

Inventory:

Hand Weapons
 a - a +0 hand crossbow
 b - a +2 whip of venom (weapon)
 u - a +0 club
Missiles
 m - 42 arrows
 o - 22 bolts
Armour
 g - a cursed +0 robe (worn)
 l - a +0 robe
 q - a scarf of spirit shield (worn)
 s - a +0 helmet (worn)
Jewellery
 n - an uncursed ring of ice {unknown}
 r - a +6 amulet of reflection {unknown}
Wands
 v - a wand of paralysis (15)
Scrolls
 d - a scroll of remove curse {unknown}
 e - 2 scrolls of identify
 i - a scroll of fear {unknown}
 k - 2 scrolls of random uselessness {unknown}
Potions
 f - 2 potions of curing {unknown}
 h - a potion of cancellation {unknown}
 j - 2 potions of lignification {unknown}
 p - a potion of heal wounds {unknown}
 w - a potion of invisibility {unknown}
Comestibles
 c - 9 rations


   Skills:
 - Level 2.1 Fighting
 - Level 1.5 Dodging
 - Level 3.7 Stealth
 - Level 3.0 Spellcasting
 + Level 1.9 Conjurations
 - Level 1.0 Transmutations
 + Level 1.9 Air Magic
 - Level 5.0 Poison Magic


You had 4 spell levels left.
You knew the following spells:

 Your Spells              Type           Power        Failure   Level  Hunger
a - Sting                 Tmut/Pois      ##..         5%          1    #......
b - Poisonous Vapours     Pois/Air       ##....       7%          2    ##.....
c - Mephitic Cloud        Conj/Pois/Air  ##......     17%         3    ###....

Your spell library contained the following spells:

 Spells                   Type           Power        Failure   Level  Hunger
 Ignite Poison            Fire/Tmut/Pois #.......     24%         3    ###....
 Olgreb's Toxic Radiance  Pois           ###.....     24%         4    #####..


Dungeon Overview and Level Annotations

Branches:
Dungeon (3/15)

Altars:
Gozag
Nemelex Xobeh
Uskayaw
Zin
The Shining One


Innate Abilities, Weirdness & Mutations

You cannot wear boots.
Your serpentine skin is tough. (AC +1)
You have supernaturally acute eyesight. (SInv)
Armour fits poorly on your strangely shaped body.
Your system is resistant to poisons. (rPois)
You cover ground very slowly.
You have a slow metabolism.
You can spit poison.


Message History

You see here a +0 hand axe.
The gnoll hits you from afar with a +0 spear.
* * * LOW HITPOINT WARNING * * *
You are feeling very hungry.
The gnoll hits you from afar with a +0 spear.
* * * LOW HITPOINT WARNING * * *
Casting: Poisonous Vapours (safe; 7% risk of failure)
Confirm with . or Enter, or press ? or * to list all spells.
Aiming: Sting (safe; 5% risk of failure)
Press: ? - help, Shift-Dir - straight line, f/p - gnoll
Aim: a gnoll, wielding a +0 spear You miscast Sting.
Your hair momentarily turns into snakes!
The gnoll hits you from afar with a +0 spear.
* * * LOW HITPOINT WARNING * * *
The gnoll closely misses you.
The gnoll hits you from afar with a +0 spear.
* * * LOW HITPOINT WARNING * * *
The gnoll hits you with a +0 flail.
You die...

#.####.#.#..........
#.###..#......##...#
#.##..###..##.##...#
#.#..## ##.....#...#
#...##...+#...##...####
#..##..#..##..##......#
..##..#.#..##......#
### #._.# ###...###.#
..##..#.#..##.gg@.....#
#..##..#..##..#########
.#..##...##.......#
.#...## ##..#####.#
.#.#..###..######.####
.#.##..#..##........<#
....##.#.###......##.#
....##...# #......##.#
###.###.##
#......##'########


You could see 2 gnolls.

Vanquished Creatures
  A bullfrog (D:3)
  Terence (D:2)
  A gnoll (D:3)
  3 adders
  An ooze (D:3)
  A worm (D:2)
  5 dart slugs (D:1)
  2 leopard geckos
  An orc (D:3)
  A giant cockroach (D:1)
  8 goblins
  9 hobgoblins
  A quokka (D:2)
  8 bats
  4 frilled lizards
  A kobold (D:3)
  9 rats
57 creatures vanquished.

Notes
Turn   | Place    | Note
-------+----------+-------------------------------------------
     0 | D:1      | Glalom the Naga Venom Mage began the quest for the Orb.
     0 | D:1      | Reached XP level 1. HP: 15/15 MP: 3/3
   359 | D:1      | Reached XP level 2. HP: 21/22 MP: 1/5
   600 | D:1      | Reached skill level 5 in Poison Magic
   648 | D:1      | Learned a level 2 spell: Poisonous Vapours
  1114 | D:1      | Reached XP level 3. HP: 26/28 MP: 2/6
  1910 | D:1      | Learned a level 3 spell: Mephitic Cloud
  2487 | D:2      | Reached XP level 4. HP: 36/36 MP: 5/8
  2575 | D:2      | Found a sparkling altar of Nemelex Xobeh.
  2789 | D:2      | Found an opulent altar of Gozag.
  2937 | D:2      | Reached skill level 1 in Fighting
  3206 | D:2      | Noticed Terence
  3218 | D:2      | Killed Terence
  3270 | D:2      | Found a glowing silver altar of Zin.
  3357 | D:3      | Noticed a bullfrog
  3374 | D:3      | Found a glowing golden altar of the Shining One.
  3377 | D:3      | Killed a bullfrog
  3377 | D:3      | Reached skill level 1 in Conjurations
  3377 | D:3      | Reached skill level 1 in Air Magic
  3377 | D:3      | Reached XP level 5. HP: 3/45 MP: 1/9
  3658 | D:3      | Found a hide-covered altar of Uskayaw.
  4104 | D:3      | HP: 1/45 [gnoll/+0 spear (4)]
  4107 | D:3      | Slain by a gnoll

Levels and vault maps discovered:
D:1:      minmay_arrival_five_plusses, layout_basic, kennysheep_another_room
D:2:      layout_rooms, overflow_temple_1_default, nicolae_gozag_seed_capital,
          lemuel_coloured_pillars_altar, minivault_5,
          minmay_randomly_rotated_circles, uniq_terence
D:3:      layout_basic, tso_metal_star, lemuel_crystal_altar, first_ration

Skill      XL: |  1  2  3  4 |
---------------+-------------+-----
Poison Magic   | 5 |  5.0
Spellcasting   | 3 |  3.0
Fighting       | 2 |  2.1
Conjurations   | 1 |  1.9
Air Magic      | 1 |  1.9
Dodging        | |  1.5
Stealth        | |  3.7
Transmutations | |  1.0

Action                   |  1- 3 |  4- 6 || total
-------------------------+-------+-------++-------
Melee: Unarmed           |     1 |       ||     1
       Whip              |       |    12 ||    12
 Fire: Hand crossbow     |     4 |    10 ||    14
 Cast: Sting             |    59 |    21 ||    80
       Poisonous Vapours |       |     5 ||     5
  Use: Scroll            |       |     1 ||     1
 Stab: Sleeping          |       |     1 ||     1
  Eat: Chunk             |     3 |     4 ||     7
Armor: Robe              |     9 |    11 ||    20
Dodge: Dodged            |    31 |    17 ||    48

Table legend:
 A = Non-vault XP
 B = Vault XP
 C = Vault XP percentage of total XP
 D = Non-vault monster count
 E = Vault monster count
 F = Vault count percentage of total count
                 A         B        C        D         E       F
            +---------+---------+-------+---------+---------+-------
      Total |     223 |      58 |  20.6 |      50 |       7 |  12.3
            +---------+---------+-------+---------+---------+-------
        D:1 |      48 |       0 |   0.0 |      23 |       0 |   0.0
        D:2 |      41 |      58 |  58.6 |      16 |       7 |  30.4
        D:3 |     134 |       0 |   0.0 |      11 |       0 |   0.0
            +---------+---------+-------+---------+---------+-------
